 Dungeon Crawl Stone Soup version 0.20-a0-1124-g2e29d97 (webtiles) character file.

81 Naow the Firebug (level 4, -4/27 HPs)
             Began as an Octopode Fire Elementalist on May 16, 2017.
             Slain by darksquall's ghost (16 damage)
             ... on level 3 of the Dungeon.
             The game lasted 00:03:41 (3062 turns).

Naow the Firebug (Octopode Fire Elementalist)       Turns: 3062, Time: 00:03:42

Health: -4/27      AC:  1    Str:  7    XL:     4   Next: 42%
Magic:  8/8        EV: 14    Int: 18    God:
Gold:   92         SH:  0    Dex: 12    Spells: 2/8 levels left

rFire    . . .     SeeInvis .   h - +0 dagger
rCold    . . .     Gourm    .   (no shield)
rNeg     . . .     Faith    .   (helmet restricted)
rPois    .         Spirit   .   (no amulet)
rElec    .         Reflect  .   k - +1 ring of evasion
rCorr    .         Harm     .   (no ring)
MR       .....                  (no ring)
Stlth    +++.......             (no ring)
Regen    0.1/turn               (no ring)
MPRegen  0.2/turn               (no ring)
                                (no ring)
                                (no ring)

@: no status effects
A: almost no armour, stealthy swim, amphibious, 8 rings, constrict 8, camouflage
1, gelatinous body 1
a: no special abilities


You were on level 3 of the Dungeon.
You were not hungry.

You visited 1 branch of the dungeon, and saw 3 of its levels.

You collected 92 gold pieces.

Inventory:

Hand Weapons
 h - a +0 dagger (weapon)
Jewellery
 k - a +1 ring of evasion (left tentacle)
Scrolls
 e - 3 scrolls of identify {unknown}
 g - a scroll of immolation {unknown}
 i - a scroll of enchant weapon {unknown}
 j - a scroll of teleportation {unknown}
 o - 2 scrolls of fear {unknown}
Potions
 d - a potion of haste {unknown}
 f - a potion of invisibility {unknown}
 m - a potion of lignification {unknown}
 n - a potion of might {unknown}
Books
 a - a book of Flames

   Spells                             Type                      Level
   a - Flame Tongue                   Conjuration/Fire             1
   b - Throw Flame                    Conjuration/Fire             2
   c - Conjure Flame                  Conjuration/Fire             3
   d - Inner Flame                    Hexes/Fire                   3
   e - Sticky Flame                   Conjuration/Fire             4
   f - Fireball                       Conjuration/Fire             5
Comestibles
 b - a bread ration
 c - a meat ration
 l - 3 chunks of flesh


   Skills:
 - Level 2.0 Dodging
 - Level 2.6 Stealth
 + Level 2.9 Spellcasting
 + Level 2.1 Conjurations
 + Level 3.9 Fire Magic


You had 2 spell levels left.
You knew the following spells:

 Your Spells              Type           Power        Failure   Level  Hunger
a - Flame Tongue          Conj/Fire      ##...        4%          1    None
b - Throw Flame           Conj/Fire      ##....       7%          2    ##.....
c - Conjure Flame         Conj/Fire      ##......     14%         3    ###....


Dungeon Overview and Level Annotations

Branches:
Dungeon (3/15)

Altars:

Annotations:
D:3 darksquall's ghost, amateur HOFi


Innate Abilities, Weirdness & Mutations

You cannot wear most types of armour.
You are very stealthy in the water. (Stealth+)
You are amphibious.
You can wear up to eight rings at the same time.
You can use your tentacles to constrict eight enemies at once.
Your skin changes colour to match your surroundings (Stealth+).
Your rubbery body absorbs attacks. (AC +1, EV +1)


Message History

Confirm with . or Enter, or press ? or * to list all spells.
You can't see any susceptible monsters within range! (Use Z to cast anyway.)
Casting: Flame Tongue
Confirm with . or Enter, or press ? or * to list all spells.
You can't see any susceptible monsters within range! (Use Z to cast anyway.) Done exploring.
Memorise Conjure Flame, consuming 3 spell levels and leaving 2?
You start memorising the spell.
You continue memorising. x3
You finish memorising.
Spell assigned to 'c'.
Okay, then.
There is a stone staircase leading down here.
You climb downwards.
Level annotation: darksquall's ghost, amateur HOFi Darksquall's ghost hits you!
Ouch! That really hurt!
Darksquall's ghost closely misses you.
There is a stone staircase leading up, spattered with blood here.
Darksquall's ghost hits you!
Ouch! That really hurt!
You die...

######### #.......#
#.#####.# ##.
##.#####.# #..
#.....##.# #..# #
##.##.##W### ###..#.
#.##..@...# #?.#..#
#<......#.# # #..#.##
######....#
#.#.....########....##
...†8.8....W.........#
#.#.....##...........#
#..#.###..........>#
#..#..# #.....#...#.#
###?.#. #....#.....##


You could see darksquall's ghost.

Vanquished Creatures
  An adder (D:2)
  A worm (D:2)
  2 dart slugs
  A leopard gecko (D:2)
  3 ball pythons
  7 bats
  5 giant cockroaches
  14 goblins
  3 hobgoblins
  3 jackals (D:2)
  6 kobolds
  A quokka (D:2)
  2 frilled lizards (D:1)
  9 rats
58 creatures vanquished.

Notes
Turn   | Place    | Note
-------+----------+-------------------------------------------
     0 | D:1      | Naow the Octopode Fire Elementalist began the quest for the Orb.
     0 | D:1      | Reached XP level 1. HP: 11/11 MP: 3/3
   156 | D:1      | Reached XP level 2. HP: 13/17 MP: 0/5
   857 | D:1      | Reached XP level 3. HP: 21/21 MP: 4/6
  2468 | D:2      | Reached XP level 4. HP: 27/27 MP: 5/8
  2566 | D:3      | Noticed darksquall's ghost (amateur HOFi)
  2674 | D:3      | Learned a level 2 spell: Throw Flame
  3056 | D:2      | Learned a level 3 spell: Conjure Flame
  3062 | D:3      | Slain by darksquall's ghost

Vault maps used:
D:1:      dpeg_chamrin_arrival_tetris, serial_forest,
          infiniplex_forest_straight_2, infiniplex_forest_pool,
          infiniplex_forest_diagonal, infiniplex_forest_clump_small,
          infiniplex_forest_corner_1, infiniplex_forest_clump_small,
          infiniplex_forest_zigzag_2, infiniplex_forest_split,
          infiniplex_forest_lined_2
D:3:      wad_crossroads, uniq_grinder

Skill      XL: |  1  2  3 |
---------------+----------+-----
Conjurations   | 2 |  2.1
Dodging        | |  2.0
Stealth        | |  2.6
Spellcasting   | |  2.9
Fire Magic     | |  3.9

Action                   |  1- 3 |  4- 6 || total
-------------------------+-------+-------++-------
Melee: Unarmed           |     8 |       ||     8
       Constrict         |     5 |     3 ||     8
       Dagger            |     8 |    10 ||    18
       Tentacles         |     1 |     1 ||     2
 Cast: Flame Tongue      |    70 |    22 ||    92
       Throw Flame       |       |     5 ||     5
 Stab: Sleeping          |     3 |       ||     3
       Distracted        |     1 |       ||     1
  Eat: Chunk             |     5 |     2 ||     7
Armor: Skin              |     3 |       ||     3
Dodge: Dodged            |    32 |    16 ||    48
